 Dungeon Crawl Stone Soup version 0.21.1-1-g345015f (webtiles) character file.

123 Fang the Chopper (level 5, 0/33 HPs)
             Began as a Gargoyle Berserker on May 21, 2018.
             Was a Believer of Trog.
             Slain by an orc
             ... wielding a +0 hand axe
              (3 damage)
             ... on level 3 of the Dungeon.
             The game lasted 00:01:22 (1901 turns).

Fang the Chopper (Gargoyle Berserker)               Turns: 1901, Time: 00:01:22

Health: 0/33       AC:  6    Str: 22    XL:     5   Next: 7%
Magic:  5/5        EV: 12    Int:  7    God:    Trog [**....]
Gold:   95         SH:  0    Dex:  9    Spells: 4/4 levels left

rFire    . . .     SeeInvis .   a - +0 hand axe
rCold    . . .     Gourm    .   (no shield)
rNeg     + . .     Faith    .   b - +0 animal skin
rPois    ∞         Spirit   .   (no helmet)
rElec    +         Reflect  .   (no cloak)
rCorr    .         Harm     .   (no gloves)
MR       .....                  (no boots)
Stlth    +.........             (no amulet)
HPRegen  0.11/turn              j - ring of flight
MPRegen  0.09/turn              (no ring)

@: berserk cooldown, slowed, very slow
A: negative energy resistance 1, electricity resistance, unbreathing,
petrification resistance, rot immunity, AC +4
a: Berserk, Trog's Hand, Burn Spellbooks, Renounce Religion, Evoke Flight


You were on level 3 of the Dungeon.
You worshipped Trog.
Trog was pleased with you.
You were very hungry.

You visited 1 branch of the dungeon, and saw 3 of its levels.

You collected 95 gold pieces.

Inventory:

Hand Weapons
 a - a +0 hand axe (weapon)
Armour
 b - a +0 animal skin (worn)
Jewellery
 j - a ring of flight (left hand)
Scrolls
 f - a scroll of enchant armour {unknown}
 g - a scroll of magic mapping {unknown}
 h - a scroll of random uselessness {unknown}
 i - a scroll of blinking {unknown}
 k - a scroll of remove curse {unknown}
Potions
 d - a potion of resistance {unknown}
 e - a potion of magic {unknown}
Comestibles
 c - 4 rations


   Skills:
 + Level 3.8 Fighting
 + Level 4.0 Axes
 + Level 2.2 Armour
 + Level 2.7 Dodging


You had 4 spell levels left.
You didn't know any spells.

Dungeon Overview and Level Annotations

Branches:
Dungeon (3/15)

Altars:
Dithmenos
Okawaru


Innate Abilities, Weirdness & Mutations

You are resistant to torment.
Your stone body is resilient. (AC +4)
You are immune to poison.
You resist negative energy. (rN+)
You are resistant to electric shocks. (rElec)
You can survive without breathing.
You are immune to petrification.
You are immune to rotting.


Message History

a whip; a scale mail; an orc corpse You slash the orc priest!
You kill the orc priest!
Trog accepts your kill.
You slash the adder!
You kill the adder!
Trog accepts your kill.
Your Axes skill increases to level 4!
You have reached level 5!
You closely miss the orc.
You are no longer berserk.
You are exhausted.
You feel yourself slow down. The orc hits you but does no damage.
You hit the orc.
The orc is heavily wounded.
The orc hits you but does no damage.
You hit the orc but do no damage.
The orc is heavily wounded.
The orc hits you with a hand axe.
You die...

#########
#######........
##########..>....#######
........##.#######
#.......†).#####
.#####)††.....#
#.@o)........######
#..##.###.##.......
.b...r.# # .######
#....#..# ###.....# #.#.
.# #. . .# .. .. #


You could see an orc and a bat.

Vanquished Creatures
  An orc priest (D:3)
  3 adders
  An ooze (D:2)
  2 dart slugs
  A leopard gecko (D:3)
  6 orcs (D:3)
  2 giant cockroaches (D:2)
  4 hobgoblins
  3 jackals (D:2)
  4 kobolds
  2 bats
  A frilled lizard (D:1)
  13 goblins
  7 rats
50 creatures vanquished.

Notes
Turn   | Place    | Note
-------+----------+-------------------------------------------
     0 | D:1      | Fang the Gargoyle Berserker began the quest for the Orb.
     0 | D:1      | Reached XP level 1. HP: 14/14 MP: 1/1
    23 | D:1      | Reached XP level 2. HP: 12/19 MP: 2/2
   147 | D:1      | Reached skill level 3 in Axes
   770 | D:2      | Reached XP level 3. HP: 20/24 MP: 3/3
   780 | D:2      | Reached ** piety under Trog
  1047 | D:2      | Found an iron altar of Okawaru.
  1151 | D:2      | Reached XP level 4. HP: 18/29 MP: 4/4
  1174 | D:2      | Found a shadowy altar of Dithmenos.
  1360 | D:2      | Found a faded altar of an unknown god.
  1897 | D:3      | HP: 2/43 [orc/hand axe (4)]
  1899 | D:3      | Reached skill level 4 in Axes
  1899 | D:3      | Reached XP level 5. HP: 2/33 MP: 5/5
  1901 | D:3      | Slain by an orc

Skill      XL: |  1  2  3  4 |
---------------+-------------+-----
Axes           | 3 4 |  4.0
Dodging        | 2 |  2.7
Fighting       | |  3.8
Armour         | |  2.2

Action                   |  1- 3 |  4- 6 || total
-------------------------+-------+-------++-------
Melee: Hand axe          |   105 |    54 ||   159
Invok: Berserk           |       |     1 ||     1
  Eat: Chunk             |       |     3 ||     3
Armor: Animal skin       |    39 |    18 ||    57
Dodge: Dodged            |    89 |    30 ||   119
